 Dungeon Crawl Stone Soup version 0.28-a0-495-g9bb89235eb (webtiles) character file.

Game seed: 15369579456440455843

65 mg7810 the Skirmisher (level 3, -4/29 HPs)
             Began as a Demonspawn Monk on Sept 19, 2021.
             Slain by a gnoll (6 damage)
             ... on level 2 of the Dungeon.
             The game lasted 00:05:41 (2210 turns).

mg7810 the Skirmisher (Demonspawn Monk)             Turns: 2210, Time: 00:05:42

Health: -4/29      AC:  3    Str: 12    XL:     3   Next: 92%
Magic:  3/4        EV: 13    Int: 11    God:
Gold:   35         SH:  0    Dex: 15    Spells: 3/4 levels left

rFire   . . .      SeeInvis .   c - staff of air
rCold   . . .      Faith    .   (no shield)
rNeg    . . .      Spirit   .   b - +0 robe
rPois   .          Reflect  .   (no helmet)
rElec   +          Harm     .   (no cloak)
rCorr   .          Rampage  .   g - +0 pair of gloves
Will    .....                   (no boots)
Stlth   ++........              (no amulet)
HPRegen 0.09/turn               (no ring)
MPRegen 0.09/turn               (no ring)

@: brilliant
A: demonic magic 1
a: no special abilities


You were on level 2 of the Dungeon.
You visited 1 branch of the dungeon, and saw 2 of its levels.

You collected 35 gold pieces.

Inventory:

Hand Weapons
 a - a +0 hand axe
Missiles
 e - a poisoned dart (quivered)
Armour
 b - a +0 robe (worn)
 g - a +0 pair of gloves (worn)
Magical Staves
 c - a staff of air (weapon)
Scrolls
 h - a scroll of noise


   Skills:
 + Level 3.1 Fighting
 + Level 3.0 Axes
 * Level 0.1 Staves
 * Level 0.2 Throwing
 * Level 1.2 Armour
 + Level 3.0 Dodging
 + Level 1.8 Stealth
 * Level 0.1 Unarmed Combat
 * Level 1.2 Spellcasting
 * Level 0.2 Air Magic
 * Level 0.8 Evocations


You had 3 spell levels left.
You knew the following spells:

 Your Spells              Type           Power      Damage    Failure   Level
a - Magic Dart            Conj           4%         1d3       30%         1

Your spell library contained the following spells:

 Spells                   Type           Power      Damage    Failure   Level
 Call Imp                 Summ           0%         N/A       43%         2
 Mephitic Cloud           Conj/Pois/Air  2%         N/A       67%         3


Dungeon Overview and Level Annotations

Branches:
Dungeon (2/15)

Altars:

Shops:
D:2 [(=!=


Innate Abilities, Weirdness & Mutations

Spells you cast may paralyse adjacent enemies.


Message History

The gnoll hits you with a +0 whip.
You hit the gnoll but do no damage.
The gnoll is severely wounded.
The gnoll hits you but does no damage. x2
You hit the gnoll.
You kill the gnoll!
The hobgoblin hits you.
Your Spellcasting skill increases to level 1!
You hit the hobgoblin.
The hobgoblin is severely wounded.
The gnoll hits you but does no damage.
The hobgoblin hits you but does no damage.
You hit the hobgoblin but do no damage.
The hobgoblin is severely wounded.
The gnoll hits you but does no damage.
The hobgoblin hits you but does no damage.
The gnoll hits you from afar with a +0 spear.
You hit the hobgoblin.
You kill the hobgoblin!
The gnoll hits you but does no damage.
You barely miss the goblin.
You feel less wooden.
Your +0 pair of gloves unmelds from your body.
Your +0 robe unmelds from your body.
The goblin closely misses you.
The gnoll hits you from afar with a +0 spear.
* * * LOW HITPOINT WARNING * * *
You hit the goblin.
You kill the goblin!
The gnoll closely misses you.
Throw: 2 darts (poison)
Press: ? - help, Q - select action, (/) - cycle Shift-Dir - straight line, f - gnoll
Aim: a gnoll, wielding a +0 spear (63% to hit)
You throw a poisoned dart. The poisoned dart hits the gnoll.
The gnoll is poisoned.
The gnoll hits you from afar with a +0 spear.
* * * LOW HITPOINT WARNING * * *
It was a potion of brilliance.
You feel clever all of a sudden.
The gnoll hits you from afar with a +0 spear.
You die...

#......##...##......####......#
#########...##..##.########....
#.......##..##.........
####...∩....##.######..
####.....##.# #.#
###..##..#.######.#
###..##........##.#
####..####..###.##.# ###
#.)@.######..##.....
.....##g####.......#####.#
8.∩.<.8.# #.#####.####..#
.......w# #.....†.. .......##
##....... ....... #..^....
....... #....... .......
#....... ......# #.......


You could see a gnoll (poisoned).

Vanquished Creatures
  2 gnolls (D:2)
  A worm (D:2)
  2 dart slugs
  3 ball pythons
  4 bats
  4 endoplasms
  3 giant cockroaches (D:1)
  4 goblins
  3 hobgoblins
  2 quokkas
  2 frilled lizards
  3 kobolds (D:1)
  3 rats
36 creatures vanquished.

Notes
Turn   | Place    | Note
-------+----------+-------------------------------------------
     0 | D:1      | mg7810 the Demonspawn Monk began the quest for the Orb.
     0 | D:1      | Reached XP level 1. HP: 18/18 MP: 1/1
   368 | D:1      | Gained mutation: Spells you cast may paralyse adjacent
                  | enemies. [demonic ancestry]
   368 | D:1      | Reached XP level 2. HP: 17/24 MP: 2/2
   880 | D:1      | Found a faded altar of an unknown god.
  1327 | D:2      | Reached skill level 1 in Armour
  1400 | D:2      | Reached XP level 3. HP: 29/29 MP: 3/3
  1406 | D:2      | Found Jankam's Distillery.
  1569 | D:2      | Found Butsaghe's Jewellery Shoppe.
  1615 | D:2      | Learned a level 1 spell: Magic Dart
  1665 | D:2      | Found Lair's Jewellery Emporium.
  2019 | D:2      | Found Ypsoyh's Weapon Boutique.
  2167 | D:2      | Found Teffoxt's Armour Shop.
  2204 | D:2      | Reached skill level 1 in Spellcasting
  2210 | D:2      | Slain by a gnoll

Illustrated notes

Levels and vault maps discovered:
D:1:      ebering_trefoil_twist, layout_basic, ebering_ecumenical_altar_box
D:2:      layout_rooms, serial_shops, nicolae_shop_trees, nicolae_square_shop,
          shop, shop_statue, nicolae_diamond_shop

Skill      XL: |  1  2  3 |
---------------+----------+-----
Axes           | 3 |  3.0
Armour         | 1 |  1.2
Dodging        | 3 |  3.0
Spellcasting   | 1 |  1.2
Fighting       | |  3.1
Staves         | |  0.1
Throwing       | |  0.2
Stealth        | |  1.8
Unarmed Combat | |  0.1
Air Magic      | |  0.2
Evocations     | |  0.8

Action                   || total
-------------------------++-------
Melee: Hand axe          ||    47
       Staff             ||    98
Throw: Dart              ||    17
 Cast: Magic Dart        ||     2
  Use: Potion            ||     3
       Scroll            ||     2
 Stab: Sleeping          ||     1
Armor: Robe              ||    24
       Skin              ||    22
Dodge: Dodged            ||    89

Table legend: (Time is in decaauts)
 A = Elapsed time spent in this place.
 B = Non-inter-level travel time spent in this place.
 C = Inter-level travel time spent in this place.
 D = Time resting spent in this place.
 E = Time spent auto-exploring this place.
 F = Levels seen in this place.
 G = Mean time per level.
                   A        B        C        D        E       F      G
               +--------+--------+--------+--------+--------+-----+--------+
         Total |   2236 |   2216 |     20 |      0 |   1771 |   2 | 1118.0 |
       Dungeon |   2236 |   2216 |     20 |      0 |   1771 |   2 | 1118.0 |
               +--------+--------+--------+--------+--------+-----+--------+

Top non-repeatable levels by time:
     D:1: 1328 daAuts
     D:2: 908 daAuts
